cohdb
Replays
Latest Replays
All Replays
Popular Replays
Top Player Replays
Match Explorer
How It Works
Community
CoH3 Stats
Reddit
Sign in to upload your games and track your stats! →
Sign in with Steam
Match 41587446
Unlisted
Match 41587446
Overview
Messages
Build Orders
End
Construct Section Command Post
Selects Australian Defense Battlegroup
Selects Australian Light Infantry Section
Infantry Section
Infantry Section
Infantry Section
Infantry Section
Grenade Package
Construct Platoon Command Post
CMP 15cwt Truck
Officer
SECURITUS GADIUS
『BlackBear』
Seraph
Raedwulf
CapitanoPiccione
NoCommentary
Lord Curzon
0
0
Comments
sign in to comment!
No comments posted yet!